 Dungeon Crawl Stone Soup version 0.29.1-1-gd02db6906a (webtiles) character file.

Game seed: 2433965425090961355

141 GigaChad the Covered (level 5, -7/47 HPs)
             Began as a Minotaur Fighter on Oct 4, 2022.
             Killed by nerve-wracking pain
             ... invoked by Grinder
              (11 damage)
             ... on level 3 of the Dungeon.
             The game lasted 00:03:43 (2392 turns).

GigaChad the Covered (Minotaur Fighter)             Turns: 2392, Time: 00:03:45

Health: -7/47      AC: 11    Str: 23    XL:     5   Next: 3%
Magic:  1/1        EV:  9    Int:  5    God:
Gold:   125        SH:  4    Dex:  9    Spells: 4/4 levels left

rFire   . . .      SeeInvis .   g - +0 hand axe (antimagic)
rCold   . . .      Faith    .   c - +0 buckler
rNeg    . . .      Spirit   .   b - +1 scale mail
rPois   .          Reflect  .   (helmet restricted)
rElec   .          Harm     .   q - +2 cloak
rCorr   .          Rampage  .   (no gloves)
Will    .....                   (no boots)
Stlth   ..........              (no amulet)
HPRegen 0.15/turn               (no ring)
MPRegen 0.07/turn               (no ring)

@: no status effects
A: horns 2, retaliatory headbutt
a: no special abilities


You were on level 3 of the Dungeon.
You visited 1 branch of the dungeon, and saw 3 of its levels.

You collected 125 gold pieces.

Inventory:

Hand Weapons
 a - a +0 long sword
 g - a +0 antimagic hand axe (weapon)
 p - a +2 quarterstaff of chaos
 r - a +0 hammer
Armour
 b - a +1 scale mail (worn)
 c - a +0 buckler (worn)
 q - a +2 cloak (worn)
Scrolls
 e - a scroll of enchant weapon {unknown}
 f - a scroll of teleportation {unknown}
 j - 2 scrolls of identify {unknown}
 k - 2 scrolls of amnesia {unknown}
 l - 2 scrolls of noise {unknown}
 m - a scroll of immolation {unknown}
 n - a scroll of acquirement {unknown}
Potions
 d - 2 potions of might
 h - 2 potions of haste {unknown}
 i - a potion of lignification {unknown}
 o - 2 potions of mutation {unknown}


   Skills:
 + Level 4.4 Fighting
 + Level 2.9 Long Blades
 + Level 2.0 Axes
 + Level 4.6 Armour
 + Level 1.0 Dodging
 + Level 0.2 Stealth
 + Level 4.5 Shields


You had 4 spell levels left.
You didn't know any spells.
Your spell library contained the following spells:

 Spells                   Type           Power      Damage    Failure   Level
 Call Imp                 Summ           0%         N/A       95%         2
 Agony                    Necr           0%         N/A       100%        5
 Simulacrum               Ice/Necr       0%         N/A       100%        6


Dungeon Overview and Level Annotations

Branches:
Dungeon (3/15)

Altars:

Shops:
D:3 (

Annotations:
D:3 Grinder, Terence


Innate Abilities, Weirdness & Mutations

You have a pair of horns on your head.
You reflexively headbutt those who attack you in melee.


Message History

Grinder is almost dead.
You hit Terence.
Grinder's magic is no longer disrupted.
Terence hits you but does no damage. Grinder gestures at you.
You resist with significant effort. Terence hits you but does no damage.
Grinder hits you but does no damage.
You hit Grinder but do no damage.
Grinder is almost dead.
You hit Terence but do no damage. Terence hits you with a +0 short sword.
Grinder gestures at you. Pain shoots through your body!
* * * LOW HITPOINT WARNING * * *
You barely miss Grinder.
Grinder is almost dead.
You hit Terence but do no damage. Terence hits you but does no damage.
Grinder hits you but does no damage.
You barely miss Grinder.
Grinder is almost dead.
You completely miss Terence. Terence hits you with a +0 short sword.
* * * LOW HITPOINT WARNING * * *
Grinder hits you.
* * * LOW HITPOINT WARNING * * *
You writhe in agony.
* * * LOW HITPOINT WARNING * * *
You barely miss Grinder.
Grinder is almost dead.
You hit Terence but do no damage. Terence barely misses you.
You furiously retaliate!
You headbutt Terence. Grinder hits you but does no damage.
Terence hits you with a +0 short sword.
* * * LOW HITPOINT WARNING * * *
Grinder blinks!
You block Terence's attack.
You see here a quokka corpse.
You hit Terence.
Terence is heavily wounded.
Terence hits you with a +0 short sword.
* * * LOW HITPOINT WARNING * * *
Grinder gestures at you. Pain shoots through your body!
You die...

##...... ........
##########...###. ....
.......... #.. .....##..
. ######.#######....#.#
...#...........##..#....
.......@.......#........
...$.5.@.........##.###.
...##..)###########.....
#...# #.###. #...# #####
#.# ## #...# #...# ### #
....# #...# ### .....#
#...# ##.. ###...# ##'##
##..# ♣.♣♣ ##..##


You could see Grinder and Terence.

Vanquished Creatures
  Crazy Yiuf (D:3)
  An orc wizard (D:3)
  3 adders
  A worm (D:2)
  A dart slug (D:1)
  3 orcs (D:3)
  4 ball pythons
  6 endoplasms
  4 giant cockroaches
  3 goblins
  4 hobgoblins
  4 quokkas
  5 bats
  2 frilled lizards
  7 kobolds
  3 rats
52 creatures vanquished.

Notes
Turn   | Place    | Note
-------+----------+-------------------------------------------
     0 | D:1      | GigaChad the Minotaur Fighter began the quest for the Orb.
     0 | D:1      | Reached XP level 1. HP: 19/19 MP: 0/0
   164 | D:1      | Reached XP level 2. HP: 21/27 MP: 1/1
   719 | D:2      | Reached XP level 3. HP: 21/33 MP: 0/2
  1789 | D:3      | Reached XP level 4. HP: 34/40 MP: 1/3
  1793 | D:3      | Reached skill level 1 in Axes
  2168 | D:3      | Got the Monograph on the Shadowy Congregation
  2193 | D:3      | Found Roylub's Weapon Shop.
  2280 | D:3      | Found a runed translucent door.
  2281 | D:3      | Noticed Crazy Yiuf
  2288 | D:3      | Killed Crazy Yiuf
  2289 | D:3      | Reached skill level 1 in Dodging
  2289 | D:3      | Reached XP level 5. HP: 41/47 MP: 1/4
  2373 | D:3      | Noticed Grinder
  2378 | D:3      | Paralysed by Grinder for 3 turns
  2379 | D:3      | Noticed Terence
  2392 | D:3      | Killed from afar by Grinder

Illustrated notes

Levels and vault maps discovered:
D:1:      dpeg_arrival_simpleton_c, layout_basic
D:2:      layout_basic, dk_noncrumbling_3, corexii_leaking_fountain
D:3:      layout_rooms, serial_shops, shop, minmay_crystal_room, uniq_terence,
          uniq_robin, uniq_grinder, uniq_crazy_yiuf_cottage

Skill      XL: |  1  2  3  4 |
---------------+-------------+-----
Fighting       | 4 |  4.4
Armour         | 4 |  4.6
Shields        | 4 |  4.5
Axes           | 2 |  2.0
Dodging        | 1 |  1.0
Long Blades    | |  2.9
Stealth        | |  0.2

Action                   |  1- 3 |  4- 6 || total
-------------------------+-------+-------++-------
Melee: Long sword        |    21 |       ||    21
       Headbutt          |     8 |     6 ||    14
       Hand axe          |    66 |    42 ||   108
  Use: Scroll            |     1 |       ||     1
Armor: Scale mail        |    74 |    45 ||   119
Dodge: Dodged            |    65 |    10 ||    75
Block: Buckler           |    33 |     8 ||    41
